 Dungeon Crawl Stone Soup version 0.18-a0-1702-gd20c6a5 (webtiles) character file.

1388 Ijustatesigmund the Covert (level 8, -3/52 HPs)
             Began as an Octopode Assassin on Apr 7, 2016.
             Was an Initiate of Dithmenos.
             Slain by an ice beast (12 damage)
             ... on level 5 of the Dungeon.
             The game lasted 00:11:04 (4377 turns).

Ijustatesigmund the Covert (Octopode Assassin)      Turns: 4377, Time: 00:11:05

Health: -3/52      AC:  1    Str: 10    XL:     8   Next: 67%
Magic:  8/8        EV: 13    Int: 14    God:    Dithmenos [......]
Gold:   222        SH:  0    Dex: 15    Spells: 0 memorised, 7 levels left

rFire  . . .     SeeInvis .     a - +2 dagger
rCold  . . .     Gourm    .     (no shield)
rNeg   . . .     Faith    .     (helmet restricted)
rPois  .         Spirit   .     (no amulet)
rElec  .         Dismiss  .     (no ring)
rCorr  .         Reflect  .     k - ring of protection from magic
SustAt .         Harm     .     (no ring)
MR     +....                    (no ring)
Stlth  ++++++....               (no ring)
                                (no ring)
                                (no ring)
                                (no ring)

@: very slightly contaminated, hasted, very quick, somewhat resistant to hostile
enchantments, very stealthy
A: almost no armour, amphibious, 8 rings, constrict 8, camouflage 1, gelatinous
body 1
a: Renounce Religion


You were on level 5 of the Dungeon.
You worshipped Dithmenos.
Dithmenos was noncommittal.
You were not hungry.

You visited 2 branches of the dungeon, and saw 6 of its levels.

You collected 222 gold pieces.

Inventory:

Hand Weapons
 a - a +2 dagger (weapon)
 b - a +1 blowgun
 e - the +4 long sword "Umegech" {vamp, rC+ Str+4 Dex-4, unknown}
   (You found it on level 5 of the Dungeon)

   It inflicts no extra harm, but heals its wielder somewhat when it strikes a
   living foe.
   It affects your strength (+4).
   It affects your dexterity (-4).
   It protects you from cold.
Missiles
 c - 23 poisoned needles
 d - 2 curare-tipped needles
Jewellery
 k - a ring of protection from magic (right tentacle)
Scrolls
 n - 2 scrolls of amnesia
 q - a scroll of fear
 r - 2 scrolls of teleportation
Potions
 h - 2 potions of heal wounds
 i - 2 potions of magic
 m - 2 potions of curing {unknown}
 p - 2 potions of brilliance {unknown}
 s - a potion of agility {unknown}
 t - a potion of cancellation {unknown}
Comestibles
 f - 3 bread rations (quivered)
 j - 2 meat rations
 l - 3 fruits


   Skills:
 + Level 3.5 Fighting
 - Level 6.3 Short Blades
 + Level 4.9 Throwing
 - Level 3.0 Dodging
 + Level 9.6 Stealth


You had 7 spell levels left.
You didn't know any spells.

Dungeon Overview and Level Annotations

Branches:
Dungeon (5/15)             Temple (1/1) D:4

Altars:
Ashenzari
Cheibriados
Dithmenos
Elyvilon
Fedhas
Gozag
Makhleb
Nemelex Xobeh
Okawaru
Qazlal
Ru
Sif Muna
Vehumet
Xom
Yredelemnul
Zin
The Shining One

Shops:
D:5 }


Innate Abilities, Weirdness & Mutations

You cannot wear most types of armour.
You are amphibious.
You can wear up to eight rings at the same time.
You can use your tentacles to constrict eight enemies at once.
Your skin changes colour to match your surroundings (Stealth).
Your rubbery body absorbs attacks (AC +1).


Message History

The ice beast is severely wounded.
You hit the ice beast. You squeeze the ice beast.
The ice beast is almost dead.
The ice beast hits you but does no damage.
You hit the ice beast.
The ice beast is almost dead.
You hit the ice beast but do no damage.
The ice beast is almost dead.
You hit the ice beast.
The ice beast is almost dead.
The ice beast hits you. The ice beast freezes you!
* * * LOW HITPOINT WARNING * * *
You hit the ice beast but do no damage.
The ice beast is almost dead.
You hit the ice beast but do no damage.
The ice beast is almost dead.
The ice beast hits you.
* * * LOW HITPOINT WARNING * * *
The ice beast freezes you!
You die...

...........................
...........................
...........................
...........................
...........................
......................##.#.
.....Z....Z....#.######.###
.......###Y######.####.##
###.### #@# ##.....## #.
##.# #.##...# # ## ######.#
###


You could see an ice beast and a hound zombie.

Vanquished Creatures
  Pikel (D:5)
  Grinder (D:4)
  Menkaure (D:4)
  2 slaves (D:5)
  2 ogres (D:5)
  A centaur (D:5)
  A howler monkey (D:4)
  A hound (D:5)
  An orc wizard (D:4)
  Crazy Yiuf (D:3)
  A giant frog skeleton (D:4)
  2 iguanas (D:4)
  A hound skeleton (D:5)
  7 adders
  3 worms
  2 dart slugs
  A giant gecko (D:1)
  5 orcs
  4 bats
  5 giant cockroaches
  8 goblins
  7 hobgoblins
  11 jackals
  10 kobolds
  A quokka (D:2)
  A ball python (D:3)
  5 giant newts
  7 rats
  A fungus (D:3)
94 creatures vanquished.

Notes
Turn   | Place    | Note
--------------------------------------------------------------
     0 | D:1      | Ijustatesigmund the Octopode Assassin began the quest for the Orb.
     0 | D:1      | Reached XP level 1. HP: 14/14 MP: 1/1
    91 | D:1      | Reached XP level 2. HP: 20/20 MP: 2/2
   478 | D:1      | Reached XP level 3. HP: 22/25 MP: 3/3
   999 | D:2      | Reached XP level 4. HP: 31/31 MP: 4/4
  1063 | D:2      | Found a basalt altar of Yredelemnul.
  1827 | D:3      | Found a sparkling altar of Nemelex Xobeh.
  1926 | D:3      | Reached XP level 5. HP: 26/36 MP: 5/5
  2141 | D:3      | Found an opulent altar of Gozag.
  2143 | D:3      | Found a burning altar of Makhleb.
  2148 | D:3      | Found a sacrificial altar of Ru.
  2148 | D:3      | Found a glowing golden altar of the Shining One.
  2152 | D:3      | Found a snail-covered altar of Cheibriados.
  2152 | D:3      | Found a shimmering altar of Xom.
  2326 | D:3      | Found a radiant altar of Vehumet.
  2538 | D:3      | Noticed Crazy Yiuf
  2544 | D:3      | Killed Crazy Yiuf
  2544 | D:3      | Reached skill level 6 in Stealth
  2604 | D:4      | Noticed Grinder
  2614 | D:4      | Killed Grinder
  2614 | D:4      | Reached skill level 7 in Stealth
  2614 | D:4      | Reached XP level 6. HP: 42/42 MP: 6/6
  2837 | D:4      | Found a staircase to the Ecumenical Temple.
  2843 | Temple   | Entered the Ecumenical Temple
  2897 | Temple   | Became a worshipper of Dithmenos the Shadowed
  3016 | D:4      | Found a stormy altar of Qazlal.
  3060 | D:4      | Reached XP level 7. HP: 46/46 MP: 7/7
  3166 | D:4      | Noticed Menkaure
  3174 | D:4      | Killed Menkaure
  3174 | D:4      | Reached skill level 5 in Short Blades
  3283 | D:4      | Noticed Pikel
  3289 | D:5      | Entered Level 5 of the Dungeon
  3355 | D:5      | Killed Pikel
  3355 | D:5      | Reached skill level 8 in Stealth
  3355 | D:5      | Reached XP level 8. HP: 19/52 MP: 8/8
  3690 | D:4      | Reached skill level 9 in Stealth
  3879 | D:5      | Found Qanefiotra's Gadget Shop.
  3925 | D:5      | Got a scorched long sword
  4377 | D:5      | Slain by an ice beast

Vault maps used:
D:1:      eino_arrival_cavern_b, minmay_misc_feat_more_columns
D:2:      yredelemnul_altar_generic, first_bread
D:3:      kennysheep_the_goblin_king, lemuel_coloured_pillars_altar,
          grunt_temple_overflow_open, uniq_crazy_yiuf_cottage
D:4:      minmay_temple_entry_hall, grunt_qazlal_clouds, uniq_pikel,
          uniq_grinder, uniq_menkaure
D:5:      kennysheep_little_box, serial_shops, shop
Temple:   circular_temple_pool_8

Skill      XL: |  1  2  3  4  5  6  7  8 |
---------------+-------------------------+-----
Short Blades   | 3 4 6 |  6.3
Fighting       | 3 |  3.5
Stealth        | 7 8 9 |  9.6
Dodging        | 3 |  3.0
Throwing       | 4 |  4.9

Action                   |  1- 3 |  4- 6 |  7- 9 || total
-------------------------+-------+-------+-------++-------
Melee: Dagger            |    56 |    78 |   112 ||   246
 Fire: Blowgun           |       |       |    18 ||    18
  Use: Scroll            |     3 |     4 |     4 ||    11
       Potion            |       |       |     2 ||     2
 Stab: Sleeping          |    12 |    19 |     2 ||    33
       Distracted        |       |     1 |       ||     1
  Eat: Chunk             |       |     4 |     2 ||     6
       Beef jerky        |       |     1 |       ||     1
       Fruit             |       |       |     5 ||     5
